 Dungeon Crawl Stone Soup version 0.31-a0-182-gc5ef74bbde (webtiles) character file.

Game seed: 16061214049912328880

113 qw the Chopper (level 4, 0/28 HPs)
             Began as a Gargoyle Fighter on June 20, 2023.
             Killed by divine providence
             ... invoked by an orc priest
              (13 damage)
             ... on level 3 of the Dungeon.
             The game lasted 00:00:48 (1396 turns).

qw the Chopper (Gargoyle Fighter)                   Turns: 1396, Time: 00:00:48

Health: 0/28       AC: 10    Str: 22    XL:     4   Next: 96%
Magic:  0/4        EV:  9    Int:  8    God:
Gold:   52         SH:  4    Dex:  9    Spells: 3/3 levels left

rFire   . . .        Y - +0 war axe
rCold   . . .        c - +0 buckler
rNeg    + . .        b - +0 scale mail
rPois   inf          (no helmet)
rElec   +            (no cloak)
rCorr   .            (no gloves)
SInv    .            (no boots)
Will    .....        h - amulet of guardian spirit Stlth
                     (no ring)
HPRegen 0.24/turn    (no ring)
MPRegen 0.09/turn

%: guardian spirit
@: no status effects
A: sickness immunity, AC +3, negative energy resistance 1, electricity
resistance, torment resistance 1, petrification resistance
a: no special abilities


You were on level 3 of the Dungeon.
You visited 1 branch of the dungeon, and saw 3 of its levels.

You collected 52 gold pieces.


Innate Abilities, Weirdness & Mutations

You are immune to sickness and miasma.
Your stone body is resilient. (AC +3)
You are immune to poison.
You resist negative energy. (rN+)
You are resistant to electric shocks. (rElec)
You are resistant to unholy torment.
You are immune to petrification.


   Skills:
 - Level 3.2 Fighting
 + Level 4.5 Axes
 - Level 3.2 Armour
 - Level 3.2 Shields


You had 3 spell levels left.
You didn't know any spells.
Your spell library was empty.

Inventory:

Hand Weapons
 e - a +0 club
 Y - a +0 war axe (weapon)
Missiles
 i - 6 boomerangs (quivered)
Armour
 b - a +0 scale mail (worn)
 c - a +0 buckler (worn)
Jewellery
 h - an amulet of guardian spirit (around neck)
Scrolls
 a - a scroll of identify
Potions
 d - a potion of might
 f - a potion of haste {unknown}
 g - a potion of curing

Dungeon Overview and Level Annotations

Branches:
Dungeon (3/15)

Altars:


Message History

An orc priest, an orc and a ball python come into view.
The orc priest shouts!
The orc shouts!
The ball python hisses angrily.
An orc comes into view. It is wielding a +0 club.
An orc comes into view. It is wielding a +0 hand axe.
The orc moves out of view.
Enter note:
Enter note:
1387 ||| Stepping ~*~*~tactically~*~*~ (hiding).
You throw a boomerang.
The boomerang barely misses the ball python.
You throw a boomerang. The boomerang hits the ball python!
You kill the ball python!
The orc shouts!
The orc priest mumbles some strange prayers to Beogh against you.
Pain shoots through your body! The orc priest hits you with a +0 whip.
Enter note:
Enter note: You barely miss the orc priest.
You hit the orc. The orc priest hits you with a +0 whip.
The orc hits you but does no damage. x2
You hit the orc.
You kill the orc!
You barely miss the orc priest. You barely miss the orc.
The orc closely misses you.
The orc priest hits you but does no damage.
You closely miss the orc priest. You barely miss the orc.
The orc priest hits you but does no damage.
You slash the orc priest!
The orc priest is almost dead.
You barely miss the orc. You closely miss the orc.
The orc priest calls down the wrath of Beogh upon you.
Beogh smites you! The orc closely misses you. The orc barely misses you.
The orc priest hits you but does no damage.
You block the orc's attack. The orc hits you but does no damage.
You hit the orc priest.
The orc priest is almost dead.
You hit the orc. x2
The orc priest calls down the wrath of Beogh upon you.
Beogh smites you!
You die...

##.#.......#
#..%.###.###
#.....# #.#
##....###.#
..........#
####.#####.###
#.# #...####
#.#
###....######
#.#
####@o....#
#oo.....#
#.#.#.#.#
#.......#
..#.#.#.#
........#
..#.#.#.#
##.......#


You could see an orc priest and 2 orcs.

Vanquished Creatures
  5 adders
  3 worms
  2 dart slugs
  An orc (D:3)
  2 bats (D:1)
  3 endoplasms
  A giant cockroach (D:1)
  6 goblins
  4 hobgoblins
  8 jackals
  3 kobolds
  2 quokkas
  4 ball pythons
  4 frilled lizards
  4 rats
52 creatures vanquished.

Notes
Turn   | Place    | Note
-------+----------+-------------------------------------------
     0 | D:1      | qw the Gargoyle Fighter began the quest for the Orb.
     0 | D:1      | Reached XP level 1. HP: 14/14 MP: 1/1
     0 | D:1      | 0 ||| qw: Version: 0.3-a-9-g12657ce
     0 | D:1      | 0 ||| qw: Game counter: 1506
     0 | D:1      | 0 ||| qw: Always use a shield: true
     0 | D:1      | 0 ||| qw: God list: Okawaru
     0 | D:1      | 0 ||| qw: Allow faded altars: false
     0 | D:1      | 0 ||| qw: Do Orc after D:15 true
     0 | D:1      | 0 ||| qw: Do second Lair branch before Depths: true
     0 | D:1      | 0 ||| qw: Lair rune preference: random
     0 | D:1      | 0 ||| qw: Plans: Normal, Zot:1-4, Slime:5, God:TSO, Crypt,
                  | Tomb, Abyss, Pan, Hells, Win
     0 | D:1      | 0 ||| PLANNING D:1-11
    30 | D:1      | Reached skill level 2 in Axes
    92 | D:1      | 92 ||| Stepping ~*~*~tactically~*~*~ (hiding).
    98 | D:1      | 98 ||| Stepping ~*~*~tactically~*~*~ (hiding).
   104 | D:1      | Reached XP level 2. HP: 13/19 MP: 2/2
   199 | D:1      | 199 ||| Stepping ~*~*~tactically~*~*~ (stealth).
   242 | D:1      | Reached skill level 3 in Axes
   242 | D:1      | 242 ||| FLEEEEING.
   243 | D:1      | 243 ||| FLEEEEING.
   267 | D:1      | Reached XP level 3. HP: 23/23 MP: 3/3
   657 | D:1      | 657 ||| DRINKING 2 sedimented purple potions.
   720 | D:2      | 720 ||| Stepping ~*~*~tactically~*~*~ (stealth).
   920 | D:2      | Reached XP level 4. HP: 27/28 MP: 4/4
   927 | D:2      | 927 ||| Stepping ~*~*~tactically~*~*~ (stealth).
   928 | D:2      | 928 ||| Stepping ~*~*~tactically~*~*~ (stealth).
   929 | D:2      | 929 ||| Stepping ~*~*~tactically~*~*~ (stealth).
  1096 | D:2      | Reached skill level 4 in Axes
  1251 | D:2      | 1251 ||| UPGRADING to amulet of guardian spirit.
  1256 | D:2      | 1256 ||| READING scroll labelled VAMINARHISO.
  1257 | D:2      | 1257 ||| READING scroll labelled ADOATHR FEMEF.
  1387 | D:3      | 1387 ||| Stepping ~*~*~tactically~*~*~ (hiding).
  1396 | D:3      | Killed from afar by an orc priest

Levels and vault maps discovered:
D:1:      dpeg_arrival_stone_temple_mockup, layout_basic
D:2:      layout_rooms, minmay_misc_feat_iff, chequers_serial_rivers_micro_a,
          nicolae_figureground_pulse
D:3:      layout_loops_corners, serial_glass, glass_columns_a, glass_columns_a,
          glass_columns_c, glass_columns_a, glass_columns_a, glass_columns_c,
          glass_columns_b, glass_columns_b, glass_columns_b, glass_columns_b,
          glass_columns_a, glass_columns_a, glass_columns_a, glass_columns_a

Skill      XL: |  1  2  3  4 |
---------------+-------------+-----
Axes           | 2 3 4 |  4.5
Fighting       | |  3.2
Armour         | |  3.2
Shields        | |  3.2

Action                     |  1- 3 |  4- 6 || total
---------------------------+-------+-------++-------
  Melee: War axe           |    99 |    34 ||   133
  Throw: Boomerang         |       |    16 ||    16
    Use: Potion            |     1 |       ||     1
         Scroll            |       |     2 ||     2
 Armour: Scale mail        |    46 |    51 ||    97
  Dodge: Dodged            |    41 |    36 ||    77
  Block: Buckler           |    19 |    15 ||    34

Table legend:
 A = Non-vault XP
 B = Vault XP
 C = Vault XP percentage of total XP
 D = Non-vault monster count
 E = Vault monster count
 F = Vault count percentage of total count
                 A         B        C        D         E       F
            +---------+---------+-------+---------+---------+-------
      Total |     162 |       0 |   0.0 |      52 |       0 |   0.0
            +---------+---------+-------+---------+---------+-------
        D:1 |      41 |       0 |   0.0 |      22 |       0 |   0.0
        D:2 |      59 |       0 |   0.0 |      18 |       0 |   0.0
        D:3 |      62 |       0 |   0.0 |      12 |       0 |   0.0
            +---------+---------+-------+---------+---------+-------
